 Dungeon Crawl Stone Soup version 0.29-a0-998-g1987434951 (webtiles) character file.

Game seed: 10216321216551514278

12 Sweeb the Slasher (level 2, 0/19 HPs)
             Began as a Tengu Monk on Aug 6, 2022.
             Slain by a hobgoblin (5 damage)
             ... on level 1 of the Dungeon.
             The game lasted 00:00:28 (393 turns).

Sweeb the Slasher (Tengu Monk)                       Turns: 393, Time: 00:00:29

Health: 0/19       AC:  2    Str: 11    XL:     2   Next: 33%
Magic:  3/3        EV: 13    Int: 10    God:
Gold:   8          SH:  0    Dex: 16    Spells: 1/1 levels left

rFire   . . .      SeeInvis .   a - +0 falchion
rCold   . . .      Faith    .   (no shield)
rNeg    . . .      Spirit   .   b - +0 robe
rPois   .          Reflect  .   (helmet restricted)
rElec   .          Harm     .   (no cloak)
rCorr   .          Rampage  .   (no gloves)
Will    .....                   (boots unavailable)
Stlth   ++........              (no amulet)
HPRegen 0.06/turn               (no ring)
MPRegen 0.08/turn               (no ring)

@: no status effects
A: beak, talons 3
a: no special abilities


You were on level 1 of the Dungeon.
You visited 1 branch of the dungeon, and saw 1 of its levels.

You collected 8 gold pieces.

Inventory:

Hand Weapons
 a - a +0 falchion (weapon)
Armour
 b - a +0 robe (worn)
Scrolls
 e - 3 scrolls of teleportation {unknown}
Potions
 c - a potion of ambrosia
 d - a potion of heal wounds {unknown}


   Skills:
 + Level 3.1 Fighting
 * Level 3.6 Long Blades
 + Level 3.4 Dodging
 + Level 2.2 Stealth


You had one spell level left.
You didn't know any spells.
Your spell library was empty.

Dungeon Overview and Level Annotations

Branches:
Dungeon (1/15)

Altars:


Innate Abilities, Weirdness & Mutations

You have a beak for a mouth.
You have claws for feet.


Message History

The hobgoblin is severely wounded.
The hobgoblin misses you.
You hit the hobgoblin.
You kill the hobgoblin!
The kobold misses you.
You barely miss the kobold. You peck the kobold, but do no damage.
The kobold closely misses you.
You hit the kobold.
The kobold is heavily wounded.
The kobold hits you with a +0 dagger.
You hit the kobold but do no damage. Your kick misses the kobold.
The kobold is heavily wounded.
The kobold hits you with a +0 dagger.
You barely miss the kobold. You claw the kobold.
The kobold is severely wounded.
The kobold hits you with a +0 dagger.
* * * LOW HITPOINT WARNING * * *
You hit the kobold.
You kill the kobold!
You hit the kobold. You claw the kobold.
You kill the kobold!
You start resting.
A giant cockroach is nearby!
Items here: ( )) ? †.
A giant cockroach is nearby!
The giant cockroach barely misses you.
You slash the giant cockroach!
You kill the giant cockroach!
e - 3 scrolls labelled XIRIPP REBEF
Items here: ( )) †.
You start resting.
A hobgoblin comes into view.
The hobgoblin throws a stone.
The stone barely misses you.
You start resting.
A hobgoblin is nearby!
The hobgoblin barely misses you.
You closely miss the hobgoblin.
You claw the hobgoblin, but do no damage.
The hobgoblin hits you.
You die...

##......######.
#........####
#.##..........
#)##...#.#####
#.##......... #
#.##..†######.#
#.##........#.##
#.###g###..#.##....###
#.....@......##.#.....
#####.###.........#
#.# #.#.......# #.#
#.........# #.#
###.#.....# #.#
#[#.##..#
####.#####.#.##..###
#.##...)...#.##....###
#.......####.##.......


You could see a hobgoblin.

Vanquished Creatures
  3 endoplasms (D:1)
  A giant cockroach (D:1)
  A hobgoblin (D:1)
  A bat (D:1)
  2 frilled lizards (D:1)
  3 kobolds (D:1)
  A rat (D:1)
12 creatures vanquished.

Notes
Turn   | Place    | Note
-------+----------+-------------------------------------------
     0 | D:1      | Sweeb the Tengu Monk began the quest for the Orb.
     0 | D:1      | Reached XP level 1. HP: 14/14 MP: 2/2
   338 | D:1      | Reached XP level 2. HP: 8/19 MP: 3/3
   393 | D:1      | Slain by a hobgoblin

Illustrated notes

Levels and vault maps discovered:
D:1:      dpeg_cavernosity, layout_basic, minmay_hexomino_u4

Action                   || total
-------------------------++-------
Melee: Falchion          ||    30
       Kick              ||    11
       Peck              ||     4
Armor: Robe              ||     7
Dodge: Dodged            ||    28

Table legend: (Time is in decaauts)
 A = Elapsed time spent in this place.
 B = Non-inter-level travel time spent in this place.
 C = Inter-level travel time spent in this place.
 D = Time resting spent in this place.
 E = Time spent auto-exploring this place.
 F = Levels seen in this place.
 G = Mean time per level.
                   A        B        C        D        E       F      G
               +--------+--------+--------+--------+--------+-----+--------+
         Total |    396 |    396 |      0 |     32 |    292 |   1 |  396.0 |
       Dungeon |    396 |    396 |      0 |     32 |    292 |   1 |  396.0 |
               +--------+--------+--------+--------+--------+-----+--------+

Top non-repeatable levels by time:
     D:1: 396 daAuts
